 Dungeon Crawl Stone Soup version 0.21.0-3-g78d12a8 (webtiles) character file.

1297 MTVSty1e the Carver (level 8, -3/59 HPs)
             Began as a Human Fighter on Jan 10, 2018.
             Was an Initiate of Okawaru.
             Killed by divine providence
             ... invoked by an orc priest
              (13 damage)
             ... on level 7 of the Dungeon.
             The game lasted 00:18:17 (6522 turns).

MTVSty1e the Carver (Human Fighter)                 Turns: 6522, Time: 00:18:18

Health: -3/59      AC: 11    Str: 20 (21) XL:     8   Next: 87%
Magic:  8/8        EV:  7    Int:  8 (9)  God:    Okawaru [......]
Gold:   362        SH:  9    Dex: 11      Spells: 7/7 levels left

rFire    + + .     SeeInvis .   a - +1 long sword
rCold    + + .     Gourm    .   c - +0 shield
rNeg     . . .     Faith    .   b - +0 scale mail
rPois    +         Spirit   .   j - +1 helmet
rElec    +         Reflect  .   n - scarf {rC+ rF+}
rCorr    +         Harm     .   (no gloves)
MR       +....                  m - +0 pair of boots
Stlth    ..........             (no amulet)
HPRegen  0.59/turn              q - ring of protection from magic
MPRegen  0.11/turn              p - +3 ring of strength

@: lethally poisoned (-3 -> -5), about to teleport, resistant
A: claws 1, rugged brown scales 1, clumsy 1, regeneration 1
a: Renounce Religion


You were on level 7 of the Dungeon.
You worshipped Okawaru.
Okawaru was noncommittal.
You were not hungry.

You visited 2 branches of the dungeon, and saw 8 of its levels.
You also visited: Sewer.

You collected 362 gold pieces.

Inventory:

Hand Weapons
 a - a +1 long sword (weapon)
Armour
 b - a +0 scale mail (worn)
 c - a +0 shield (worn)
 j - a +1 helmet (worn)
 m - a +0 pair of boots (worn)
 n - a scarf of resistance (worn)
Jewellery
 p - a +3 ring of strength (right claw)
 q - a ring of protection from magic (left claw)
 r - an uncursed ring of flight
Scrolls
 d - 5 scrolls of teleportation
 k - 2 scrolls of remove curse
 o - a scroll of fog
 t - a scroll of enchant weapon
 v - 2 scrolls of amnesia
 w - a scroll of identify
 y - 2 scrolls of enchant armour
Potions
 e - a potion of flight
 i - a potion of invisibility
 l - 4 potions of curing
Books
 s - a book of Callings

   Spells                             Type                      Level
   a - Summon Small Mammal            Summoning                    1
   b - Call Imp                       Summoning                    2
   c - Call Canine Familiar           Summoning                    3
   d - Summon Guardian Golem          Hexes/Summoning              3
   e - Summon Lightning Spire         Summoning/Air                4
   f - Summon Ice Beast               Ice/Summoning                4
Comestibles
 f - 9 rations


   Skills:
 + Level 3.5 Fighting
 * Level 10.1 Long Blades
 - Level 3.0 Armour
 - Level 3.0 Shields


You had 7 spell levels left.
You didn't know any spells.

Dungeon Overview and Level Annotations

Branches:
Dungeon (7/15)             Temple (1/1) D:6

Altars:
Ashenzari
Elyvilon
Gozag
Kikubaaqudgha
Okawaru
Qazlal
Sif Muna
Trog
Uskayaw
Wu Jian
Xom
Zin
The Shining One


Innate Abilities, Weirdness & Mutations

You have sharp fingernails.
You are partially covered in rugged brown scales. (AC +1, +3% HP)
You are clumsy. (Dex -2)
Your natural rate of healing is unusually fast.


Message History

You feel less confused.
You feel sick.
The orc priest begins to cast a cantrip, but forgets the words!
The gnoll sergeant hits you from afar with a spear.
* * * LOW HITPOINT WARNING * * *
The orc wizard barely misses you.
You feel sick.
The orc priest casts a cantrip, but nothing happens.
The orc wizard mumbles some strange words.
The orc wizard blinks!
As you read the scroll of teleportation, it crumbles to dust.
You feel strangely unstable.
You feel sick.
You feel sick.
Found 3 gold pieces.
An orc comes into view. It is wielding a club.
You feel sick.
The orc shouts!
The orc priest calls down the wrath of Beogh upon you.
Beogh smites you!
You die...

... #.. #.. .. #..
. ##.. .# #. ..<##
..# #...##..####.#
#.....@.....###
...........#.oo###.
##.$....#o##.......
#..#..##g##.§....#
#..#.# #§.#§g...#
.##...####g)§...#
#........§§.§..##
.........§.###.....
#........## ....


You could see an orc priest, an orc wizard, 2 gnolls and an orc.

Vanquished Creatures
  Duvessa (D:5)
  2 ice beasts (D:5)
  2 phantoms
  Dowan (D:5)
  2 scorpions
  A crimson imp (D:6)
  3 jellies
  A bullfrog skeleton (D:4)
  5 hounds
  An orc wizard (D:3)
  A howler monkey zombie (D:7)
  Robin (D:2)
  8 gnolls
  5 adders
  2 shadow imps
  3 oozes (Sewer)
  9 worms
  3 dart slugs
  9 leopard geckos
  15 orcs
  5 ball pythons
  13 bats
  6 giant cockroaches
  12 goblins
  5 hobgoblins
  18 jackals
  7 quokkas
  4 frilled lizards
  2 kobolds
  2 quokka skeletons
  3 rats
152 creatures vanquished.

Notes
Turn   | Place    | Note
-------+----------+-------------------------------------------
     0 | D:1      | MTVSty1e the Human Fighter began the quest for the Orb.
     0 | D:1      | Reached XP level 1. HP: 18/18 MP: 1/1
   303 | D:1      | Reached XP level 2. HP: 18/24 MP: 2/2
   458 | D:1      | Reached skill level 3 in Long Blades
   664 | D:1      | Reached XP level 3. HP: 8/29 MP: 3/3
  1049 | D:2      | Noticed Robin
  1203 | D:2      | Killed Robin
  1203 | D:2      | Reached skill level 4 in Long Blades
  1203 | D:2      | Reached XP level 4. HP: 23/35 MP: 4/4
  1978 | D:2      | Reached XP level 5. HP: 41/41 MP: 5/5
  2182 | D:3      | Reached skill level 5 in Long Blades
  2945 | D:3      | Noticed a phantom
  2970 | D:3      | Killed a phantom
  2970 | D:3      | Reached skill level 6 in Long Blades
  2970 | D:3      | Reached XP level 6. HP: 31/47 MP: 6/6
  3575 | D:4      | Reached skill level 7 in Long Blades
  3575 | D:4      | Reached XP level 7. HP: 37/52 MP: 7/7
  4040 | D:5      | Entered Level 5 of the Dungeon
  4055 | D:5      | Found a hide-covered altar of Uskayaw.
  4110 | D:5      | Noticed Duvessa
  4112 | D:5      | Noticed Dowan
  4355 | D:5      | Found a glowing drain.
  4371 | D:5      | Gained mutation: Your natural rate of healing is unusually fast. [potion of mutation]
  4371 | D:5      | Gained mutation: You have sharp fingernails. [potion of mutation]
  4371 | D:5      | Gained mutation: You are clumsy. (Dex -2) [potion of mutation]
  4371 | D:5      | Gained mutation: You are partially covered in rugged brown scales. (AC +1, +3% HP) [potion of mutation]
  4381 | Sewer    | Entered a sewer
  5057 | D:5      | Reached skill level 8 in Long Blades
  5182 | D:5      | Killed Duvessa
  5182 | D:5      | Reached XP level 8. HP: 59/59 MP: 8/8
  5199 | D:5      | Killed Dowan
  5243 | D:5      | Reached skill level 9 in Long Blades
  5729 | D:6      | Noticed a two-headed ogre
  6161 | D:6      | Found a staircase to the Ecumenical Temple.
  6167 | Temple   | Entered the Ecumenical Temple
  6346 | Temple   | Became a worshipper of Warmaster Okawaru
  6466 | D:7      | Reached skill level 10 in Long Blades
  6522 | D:7      | Killed from afar by an orc priest

Skill      XL: |  1  2  3  4  5  6  7  8 |
---------------+-------------------------+-----
Long Blades    | 3 4 6 7 8 10 | 10.1
Fighting       | |  3.5
Armour         | |  3.0
Shields        | |  3.0

Action                   |  1- 3 |  4- 6 |  7- 9 || total
-------------------------+-------+-------+-------++-------
Melee: Long sword        |    63 |   271 |   369 ||   703
  Use: Potion            |     1 |     1 |    12 ||    14
       Scroll            |     2 |     5 |     7 ||    14
 Stab: Invisible         |       |       |     2 ||     2
  Eat: Ration            |     1 |     2 |     3 ||     6
Armor: Scale mail        |    36 |   119 |   201 ||   356
       Skin              |       |       |    28 ||    28
Dodge: Dodged            |    11 |   104 |   160 ||   275
Block: Shield            |    40 |   123 |   215 ||   378
       Rpst.: Long sword |     4 |    34 |    46 ||    84
